 Dungeon Crawl Stone Soup version 0.27-a0-1105-g946c659c87 (webtiles) character file.

Game seed: 5538743878512978231

107 GooseDwarf the Cutter (level 4, 35/35 HPs)
             Began as a Demonspawn Chaos Knight on Apr 30, 2021.
             Was a Plaything of Xom.
             Got out of the dungeon alive.
             The game lasted 00:06:45 (2503 turns).

GooseDwarf the Cutter (Demonspawn Chaos Knight)     Turns: 2503, Time: 00:06:46

Health: 35/35      AC:  5    Str: 14    XL:     4   Next: 56%
Magic:  4/4        EV: 11    Int: 13    God:    Xom [...*..]
Gold:   84         SH:  0    Dex: 12    Spells: 3/3 levels left

rFire    . . .     SeeInvis .   a - +0 short sword (chaos)
rCold    . . .     Faith    .   (no shield)
rNeg     . . .     Spirit   .   b - +2 leather armour
rPois    .         Reflect  .   (helmet restricted)
rElec    .         Harm     .   (no cloak)
rCorr    .         Rampage  .   (no gloves)
Will     .....                  (no boots)
Stlth    +.........             (no amulet)
HPRegen  0.11/turn              (no ring)
MPRegen  0.09/turn              (no ring)

@: no status effects
A: antennae 1, demonic guardian 2
a: Renounce Religion


You escaped.
You worshipped Xom.
You were a favourite toy of Xom.
You visited 1 branch of the dungeon, and saw 2 of its levels.

You collected 84 gold pieces.

Inventory:

Hand Weapons
 a - a +0 short sword of chaos (weapon)
Armour
 b - a +2 leather armour (worn)
Scrolls
 d - a scroll of fog {unknown}
 e - 2 scrolls of enchant armour {unknown}
 f - 2 scrolls of identify {unknown}
Potions
 c - 3 potions of brilliance {unknown}


   Skills:
 + Level 3.3 Fighting
 + Level 4.0 Short Blades
 + Level 2.2 Armour
 + Level 1.7 Dodging
 + Level 0.9 Stealth


You had 3 spell levels left.
You didn't know any spells.
Your spell library contained the following spells:

 Spells                   Type           Power      Damage    Failure   Level
 Summon Small Mammal      Summ           0%         N/A       36%         1
 Call Imp                 Summ           0%         N/A       50%         2
 Call Canine Familiar     Summ           0%         N/A       75%         3
 Summon Guardian Golem    Hex/Summ       0%         N/A       75%         3
 Summon Ice Beast         Ice/Summ       0%         N/A       98%         4
 Summon Lightning Spire   Summ/Air       0%         N/A       98%         4


Dungeon Overview and Level Annotations

Branches:
Dungeon (2/15)

Altars:


Innate Abilities, Weirdness & Mutations

You have a pair of small antennae on your head.
A demonic guardian rushes to your aid.


Message History

The ufetubus closely misses you.
You closely miss the ufetubus. The ufetubus misses you. x2
You hit the ufetubus.
The ufetubus is moving more slowly.
The ufetubus is heavily wounded.
The ufetubus barely misses you. The ufetubus hits you. x2
The ufetubus closely misses you.
You hit the ufetubus.
The ufetubus is poisoned.
The ufetubus is heavily wounded.
The ufetubus hits you.
The ufetubus hits you but does no damage.
You hit the ufetubus. You burn the ufetubus.
You kill the ufetubus!
Your Short Blades skill increases to level 4!
A ball python comes into view.
The ball python hisses angrily.
A ball python is nearby!
You hit the ball python.
Lightning courses through the ball python!
You kill the ball python!
Found 16 poisoned darts.
You see here 16 poisoned darts.
You now have 75 gold pieces (gained 6).
You see here 16 poisoned darts.
You now have 84 gold pieces (gained 9).
f - 2 scrolls labelled KERGHE YZUT NEI (gained 1)
You see here a +0 hunting sling.
Found a hand axe.
You see here a +0 hand axe.
Done exploring.
Done exploring.
Done exploring.
There is a stone staircase leading down here.
You can't go up here!
You see here a +0 hand axe.
There is a stone staircase leading up here.
You climb upwards.
There is a stone staircase leading down here.
There is a staircase leading out of the dungeon here.
Are you sure you want to leave the Dungeon?
This will make you lose the game!
You have escaped!

≈.....# #..###...###..#
≈.....# #.##.#...#.##.#
≈.....# #.###.....###.#
......####..##.....##..#
≈§.....................#
§....^####......#......#
§§..### #.....###.....####
§.§.(.####..(.#)..#....)..##
≈.....##......#.@.#........#
......#..###.........###...#
........#..#..#...#..#..#..#
.##.##.....#..#...#..#.....#
.##.###....#..##.##..#.....#
......#.#.#....#.#....#.#..#
#.#.#.#.........#..........#
#.#.#.########......#####..#
....#.# #........†...##


There were no monsters in sight!

Vanquished Creatures
  A howler monkey (D:2)
  An ufetubus (D:2)
  3 dart slugs (D:1)
  8 ball pythons
  8 bats
  5 endoplasms (D:1)
  A giant cockroach (D:1)
  3 goblins (D:1)
  2 hobgoblins (D:2)
  12 jackals
  A quokka (D:1)
  A frilled lizard (D:1)
  3 kobolds
  4 rats
53 creatures vanquished.

Vanquished Creatures (collateral kills)
  A jackal (D:2)
  A frilled lizard (D:2)
2 creatures vanquished.

Grand Total: 55 creatures vanquished

Notes
Turn   | Place    | Note
-------+----------+-------------------------------------------
     0 | D:1      | GooseDwarf the Demonspawn Chaos Knight began the quest for
                  | the Orb.
     0 | D:1      | Reached XP level 1. HP: 18/18 MP: 1/1
    26 | D:1      | XOM: butterfly on damage
   120 | D:1      | Reached skill level 3 in Short Blades
   136 | D:1      | Gained mutation: A weak demonic guardian rushes to your
                  | aid. [demonic ancestry]
   136 | D:1      | Reached XP level 2. HP: 10/24 MP: 2/2
   200 | D:1      | XOM: divination: detect items
   408 | D:1      | Reached skill level 1 in Dodging
   644 | D:1      | XOM: divination: magic mapping
   667 | D:1      | Gained mutation: A demonic guardian rushes to your aid.
                  | [demonic ancestry]
   667 | D:1      | Reached XP level 3. HP: 14/29 MP: 3/3
   698 | D:1      | Found a faded altar of an unknown god.
  1467 | D:1      | XOM: scenery: summon butterflies
  1646 | D:2      | XOM: smoke on damage
  1736 | D:2      | Gained mutation: You have a pair of small antennae on your
                  | head. [demonic ancestry]
  1736 | D:2      | Reached XP level 4. HP: 21/35 MP: 4/4
  2146 | D:2      | Reached skill level 4 in Short Blades
  2503 | D:$      | Got out of the dungeon alive.

Illustrated notes

Levels and vault maps discovered:
D:1:      erik_arrival_blinker_ship, layout_basic,
          hellmonk_ecumenical_altar_leap_of_faith, kennysheep_boxes
D:2:      layout_loops_ring, grunt_ministairs_12

Skill      XL: |  1  2  3  4 |
---------------+-------------+-----
Short Blades   | 3 4 |  4.0
Armour         | 2 |  2.2
Dodging        | 1 |  1.7
Fighting       | |  3.3
Stealth        | |  0.9

Action                   |  1- 3 |  4- 6 || total
-------------------------+-------+-------++-------
Melee: Short sword       |   181 |    35 ||   216
 Stab: Petrifying        |     1 |       ||     1
       Paralysed         |     1 |       ||     1
Armor: Leather armour    |    80 |    18 ||    98
Dodge: Dodged            |   112 |    37 ||   149

Table legend: (Time is in decaauts)
 A = Elapsed time spent in this place.
 B = Non-inter-level travel time spent in this place.
 C = Inter-level travel time spent in this place.
 D = Time resting spent in this place.
 E = Time spent auto-exploring this place.
 F = Levels seen in this place.
 G = Mean time per level.
                   A        B        C        D        E       F      G
               +--------+--------+--------+--------+--------+-----+--------+
         Total |   2487 |   2487 |      0 |    457 |   1346 |   2 | 1243.5 |
       Dungeon |   2487 |   2487 |      0 |    457 |   1346 |   2 | 1243.5 |
               +--------+--------+--------+--------+--------+-----+--------+

Top non-repeatable levels by time:
     D:1: 1585 daAuts
     D:2: 902 daAuts
